 Dungeon Crawl Stone Soup version 0.19.1-1-g22dce08 (webtiles) character file.

134 theAP the Skirmisher (level 5, -2/34 HPs)
             Began as a Gargoyle Fighter on Jan 18, 2017.
             Slain by Menkaure (14 damage)
             ... on level 4 of the Dungeon.
             The game lasted 00:04:30 (2397 turns).

theAP the Skirmisher (Gargoyle Fighter)             Turns: 2397, Time: 00:04:30

Health: -2/34      AC: 12    Str: 26    XL:     5   Next: 17%
Magic:  5/5        EV:  7    Int: 12    God:
Gold:   168        SH: 11    Dex:  9    Spells: 0 memorised, 4 levels left

rFire  . . .     SeeInvis .     j - -2 mace (curse)
rCold  . . .     Gourm    .     b - +0 scale mail
rNeg   + . .     Faith    .     c - +2 shield
rPois  ∞         Spirit   .     (no helmet)
rElec  +         Reflect  .     (no cloak)
rCorr  .         Harm     .     i - +0 pair of gloves
MR     .....     Rnd*Tele +     (no boots)
Stlth  ..........               (no amulet)
                                p - ring of teleportation (curse)
                                r - +4 ring of intelligence

@: mighty, very slightly contaminated, hasted, very quick
A: negative energy resistance 1, electricity resistance, unbreathing,
petrification resistance, rot immunity, AC +4
a: no special abilities


You were on level 4 of the Dungeon.
You were not hungry.

You visited 1 branch of the dungeon, and saw 4 of its levels.

You collected 168 gold pieces.

Inventory:

Hand Weapons
 a - a +0 flail
 j - a cursed -2 mace (weapon)
Armour
 b - a +0 scale mail (worn)
 c - a +2 shield (worn)
 i - a +0 pair of gloves (worn)
Jewellery
 h - an uncursed ring of flight
 p - a cursed ring of teleportation (right hand)
 r - a +4 ring of intelligence (left hand)
Scrolls
 e - 2 scrolls of identify
Potions
 d - a potion of might
 g - a potion of degeneration
 k - a potion of brilliance
 o - a potion of ambrosia
 s - a potion of resistance {unknown}
Comestibles
 f - 5 bread rations
 m - a beef jerky
 q - 2 chunks of flesh


   Skills:
 + Level 4.4 Fighting
 * Level 4.3 Maces & Flails
 - Level 3.3 Armour
 - Level 3.2 Shields


You had 4 spell levels left.
You didn't know any spells.

Dungeon Overview and Level Annotations

Branches:
Dungeon (4/15)
 Temple: D:4-7

Altars:
Ashenzari
Hepliaklqana
Kikubaaqudgha
The Shining One

Annotations:
D:4 Menkaure


Innate Abilities, Weirdness & Mutations

You are resistant to torment.
Your stone body is resilient. (AC +4)
You are immune to poison.
You resist negative energy. (rN+)
You are resistant to electric shocks. (rElec)
You can survive without breathing.
You are immune to petrification.
You are immune to rotting.


Message History

The shadow imp completely misses you.
You feel yourself speed up. Menkaure closely misses you.
You block the shadow imp's attack.
Menkaure casts a spell.
You are very lightly contaminated with residual magic.
You feel very mighty all of a sudden.
The shadow imp hits you but does no damage.
You barely miss Menkaure.
Menkaure is moderately damaged.
Menkaure gestures at you while chanting.
You barely resist.
The shadow imp laughs crazily.
The shadow imp hits you but does no damage.
Menkaure points at you and mumbles some strange words.
Pain shoots through your body!
You barely miss Menkaure.
Menkaure is moderately damaged.
The shadow imp hits you but does no damage.
Menkaure hits you!
You die...

##.....##
.........#
##...##
#.#######.# ##+#
#.# #.# #.# #>#
#.# #(# #.# #.#
..#####.# #.#
......M5#######.#
#@........#
#.#####.##.#####
...........#
#.#####.####
#.......#
#########


You could see Menkaure and a shadow imp.

Vanquished Creatures
  A worker ant (D:3)
  4 adders
  3 worms
  2 dart slugs
  A leopard gecko (D:2)
  9 orcs (D:3)
  4 giant cockroaches
  7 goblins
  8 hobgoblins
  5 bats
  3 frilled lizards
  3 kobolds
  5 rats
55 creatures vanquished.

Notes
Turn   | Place    | Note
-------+----------+-------------------------------------------
     0 | D:1      | theAP the Gargoyle Fighter began the quest for the Orb.
     0 | D:1      | Reached XP level 1. HP: 14/14 MP: 1/1
   608 | D:1      | Reached XP level 2. HP: 19/19 MP: 2/2
  1076 | D:2      | Found a faded altar of an unknown god.
  1089 | D:2      | Reached XP level 3. HP: 15/24 MP: 3/3
  1821 | D:3      | Found an ancient bone altar of Kikubaaqudgha.
  1822 | D:3      | Found a glowing golden altar of the Shining One.
  1866 | D:3      | Reached XP level 4. HP: 27/29 MP: 4/4
  1915 | D:3      | Found a shattered altar of Ashenzari.
  2220 | D:3      | Found a hazy altar of Hepliaklqana.
  2234 | D:3      | Reached XP level 5. HP: 29/34 MP: 5/5
  2386 | D:4      | Noticed Menkaure
  2397 | D:4      | Slain by Menkaure

Skill      XL: |  1  2  3  4 |
---------------+-------------+-----
Maces & Flails | 3 4 |  4.3
Fighting       | 4 |  4.4
Armour         | |  3.3
Shields        | |  3.2

Action                   |  1- 3 |  4- 6 || total
-------------------------+-------+-------++-------
Melee: Flail             |   101 |       ||   101
       Mace              |    12 |   128 ||   140
  Use: Scroll            |    12 |       ||    12
       Potion            |       |     3 ||     3
  Eat: Chunk             |     3 |     2 ||     5
Armor: Scale mail        |    58 |    72 ||   130
Dodge: Dodged            |    30 |    45 ||    75
Block: Shield            |    70 |    88 ||   158
